 Dungeon Crawl Stone Soup version 0.28-b1-38-gff268fdeb9 (webtiles) character file.

Game seed: 6429727347848508633

111 Cykl0x the Conjurer (level 4, -4/25 HPs)
             Began as a Gargoyle Conjurer on Feb 3, 2022.
             Killed by divine providence
             ... invoked by an orc priest
              (11 damage)
             ... on level 2 of the Dungeon.
             The game lasted 00:03:54 (2463 turns).

Cykl0x the Conjurer (Gargoyle Conjurer)             Turns: 2463, Time: 00:03:54

Health: -4/25      AC:  5    Str: 11    XL:     4   Next: 92%
Magic:  0/7        EV: 11    Int: 20    God:
Gold:   92         SH:  0    Dex:  8    Spells: 4/7 levels left

rFire   . . .      SeeInvis .   e - +0 long sword
rCold   . . .      Faith    .   (no shield)
rNeg    + . .      Spirit   .   a - +0 robe
rPois   ∞          Reflect  .   (no helmet)
rElec   +          Harm     .   (no cloak)
rCorr   .          Rampage  .   (no gloves)
Will    .....                   (no boots)
Stlth   ++........              (no amulet)
HPRegen 0.08/turn               (no ring)
MPRegen 0.10/turn               (no ring)

@: no status effects
A: sickness immunity, AC +3, negative energy resistance 1, electricity
resistance, torment resistance 1, petrification resistance
a: no special abilities


You were on level 2 of the Dungeon.
You visited 1 branch of the dungeon, and saw 2 of its levels.

You collected 92 gold pieces.

Inventory:

Hand Weapons
 d - a +0 dagger
 e - a +0 long sword (weapon)
Armour
 a - a +0 robe (worn)
Scrolls
 b - a scroll of identify
Potions
 f - a potion of degeneration {unknown}
 g - a potion of curing {unknown}
 i - a potion of brilliance {unknown}


   Skills:
 * Level 1.3 Fighting
 + Level 1.7 Long Blades
 * Level 1.0 Armour
 + Level 1.7 Dodging
 + Level 2.3 Stealth
 + Level 2.2 Spellcasting
 + Level 5.0 Conjurations
 * Level 1.3 Hexes


You had 4 spell levels left.
You knew the following spells:

 Your Spells              Type           Power      Damage    Failure   Level
a - Magic Dart            Conj           88%        1d7       1%          1
b - Searing Ray           Conj           44%        2d6       3%          2

Your spell library contained the following spells:

 Spells                   Type           Power      Damage    Failure   Level
 Foxfire                  Conj/Fire      48%        2x1d6     5%          1
 Dazzling Flash           Conj/Hex       30%        N/A       12%         3
 Conjure Flame            Conj/Fire      12%        6-21      17%         3
 Inner Flame              Hex/Fire       4%         N/A       34%         3
 Fulminant Prism          Conj/Hex       7%         3d7       38%         4
 Flame Wave               Conj/Fire      12%        2d6       50%         4
 Iskenderun's Mystic Bla  Conj/Tloc      12%        2d5       50%         4


Dungeon Overview and Level Annotations

Branches:
Dungeon (2/15)

Altars:


Innate Abilities, Weirdness & Mutations

You are immune to sickness and miasma.
Your stone body is resilient. (AC +3)
You are immune to poison.
You resist negative energy. (rN+)
You are resistant to electric shocks. (rElec)
You are resistant to unholy torment.
You are immune to petrification.


Message History

The searing ray hits the orc!
You kill the orc!
The orc wizard points at you and mumbles some strange words.
The magic dart hits you.
The searing ray misses the orc wizard.
The searing ray hits the orc but does no damage.
The orc wizard barely misses you.
The searing ray misses the orc wizard.
The searing ray hits the orc but does no damage.
You finish channelling your searing ray.
The orc wizard hits you with a +0 dagger.
You are too injured to fight recklessly!
You slash the orc wizard!
The orc wizard is almost dead.
The orc wizard barely misses you.
An orc comes into view. It is wielding a +0 club.
You barely miss the orc wizard.
The orc wizard is almost dead.
The orc wizard hits you but does no damage.
The orc priest calls upon Beogh to heal the orc wizard.
The orc wizard is healed somewhat.
Unknown command.
Casting: Searing Ray (safe; 3% risk of failure)
Confirm with . or Enter, or press ? or * to list all spells.
Aiming: Searing Ray (safe; 3% risk of failure)
Press: ? - help, Shift-Dir - straight line The searing ray hits the orc.
The orc is almost dead.
The searing ray hits the orc wizard!
You kill the orc wizard! (Press . to maintain the ray.)
The orc hits you with a +0 hand axe.
* * * LOW HITPOINT WARNING * * *
Your Armour skill increases to level 1!
Your Conjurations skill increases to level 5!
You barely miss the orc.
The orc is almost dead.
The orc priest invokes the aid of Beogh against you.
Beogh smites you!
You die...

...###+### ## #...# #
#)#.# #.# #..## # #.#.#
#o# #...# # #†#†# #o#
#.#.# #.#.# #.# #.#.#
#.#.# #.# #)# #.#.# #.#.#
#.# #)# #.#.# ..#.# #.#
#o# #.#.# ###.# #.# #@#
#.#.# #(# #.# ##.## #.#.#
#.# #.# ##...## #.#.# #.#
#.# ###...(.######.#.#####
#.#
#.###....<....##..........
#.#
#...........#.##.#.#.#####
##.##
#####.<............#.###
##.#.##
#.#.#.##...........#
#.###.##
#.###)...........#.#


You could see an orc priest and 2 orcs.

Vanquished Creatures
  An orc wizard (D:2)
  3 gnolls (D:2)
  An adder (D:2)
  A dart slug (D:1)
  An orc (D:2)
  5 ball pythons
  7 endoplasms
  2 giant cockroaches
  7 goblins
  3 hobgoblins
  4 jackals (D:2)
  2 bats (D:2)
  3 kobolds
  A rat (D:2)
41 creatures vanquished.

Notes
Turn   | Place    | Note
-------+----------+-------------------------------------------
     0 | D:1      | Cykl0x the Gargoyle Conjurer began the quest for the Orb.
     0 | D:1      | Reached XP level 1. HP: 10/10 MP: 3/3
   437 | D:1      | Reached XP level 2. HP: 15/15 MP: 0/5
   560 | D:1      | Learned a level 2 spell: Searing Ray
   927 | D:1      | Reached skill level 1 in Long Blades
  1483 | D:2      | Reached XP level 3. HP: 20/20 MP: 3/6
  1532 | D:2      | Reached skill level 1 in Hexes
  1732 | D:2      | Reached skill level 1 in Fighting
  1736 | D:2      | Reached XP level 4. HP: 16/25 MP: 0/7
  2463 | D:2      | Reached skill level 1 in Armour
  2463 | D:2      | Reached skill level 5 in Conjurations
  2463 | D:2      | Killed from afar by an orc priest

Illustrated notes

Levels and vault maps discovered:
D:1:      shiori_arrival_elements, layout_rooms, serial_co_window_serial,
          co_window_paths_a, co_window_corner_a, co_window_paths_b,
          co_window_paths_a, co_window_paths_b, co_window_paths_a,
          co_window_paths_a, co_window_corner_b, co_window_2corner,
          co_window_cross_3, co_window_paths_c, glass_columns_a, glass_columns_a
D:2:      layout_loops_ring, st_stairs_3, kennysheep_generic_room_13

Skill      XL: |  1  2  3  4 |
---------------+-------------+-----
Long Blades    | 1 |  1.7
Hexes          | 1 |  1.3
Fighting       | 1 |  1.3
Armour         | 1 |  1.0
Conjurations   | 5 |  5.0
Dodging        | |  1.7
Stealth        | |  2.3
Spellcasting   | |  2.2

Action                   |  1- 3 |  4- 6 || total
-------------------------+-------+-------++-------
Melee: Unarmed           |    35 |       ||    35
       Long sword        |    19 |    14 ||    33
 Cast: Magic Dart        |    37 |    17 ||    54
       Searing Ray       |     4 |     3 ||     7
  Use: Scroll            |     3 |       ||     3
       Potion            |       |     1 ||     1
Armor: Robe              |    22 |     2 ||    24
Dodge: Dodged            |    28 |    10 ||    38
